 Dungeon Crawl Stone Soup version 0.31-a0-121-g1e386dd (webtiles) character file.

Game seed: 3875969547047066495

49175 mezmerelda the Severer (level 14, -13/119 (121) HPs)
             Began as a Hill Orc Fighter on Apr 11, 2020.
             Was the Champion of Beogh.
             Mangled by an orc warlord
             ... wielding a +0 great mace of protection
              (30 damage)
             ... on level 1 of the Orcish Mines on May 31, 2023.
             The game lasted 01:40:09 (17075 turns).

mezmerelda the Severer (Hill Orc Fighter)          Turns: 17075, Time: 01:40:10

HP:   -13/119 (121) AC: 23    Str: 24    XL:     14   Next: 49%
MP:   17/17         EV:  8    Int:  8    God:    Beogh [******]
Gold: 509           SH: 13    Dex: 16    Spells: 13/13 levels left

rFire   + . .        a - +6 war axe
rCold   + . .        c - +1 kite shield
rNeg    . . .        t - +1 chain mail
rPois   +            u - +2 helmet
rElec   +            R - scarf {rC+ rF+}
rCorr   .            B - +2 pair of gloves
SInv    .            r - +1 pair of boots
Will    +....        h - amulet of the acrobat Stlth
                     S - ring of Feprob {Fly rElec rPois}
HPRegen 0.00/turn    e - +6 ring of dexterity
MPRegen 0.15/turn

%: acrobat
@: mighty, spiked, inhibited regen, lightly drained
A: walk on water, frail 1, inhibited regeneration, no potion heal 1
a: Renounce Religion, Smiting, Recall Orcish Followers, Give Item to Named
Follower, Resurrection


You were on level 1 of the Orcish Mines.
You worshipped Beogh.
Beogh was exalted by your worship.
You visited 4 branches of the dungeon, and saw 19 of its levels.
You also visited: Ossuary and Bailey.

You collected 1079 gold pieces.
You spent 570 gold pieces at shops.

Inventory:

Hand Weapons
 a - a +6 war axe (weapon)
 b - a +4 flail
Missiles
 q - 30 poisoned darts (quivered)
 v - 81 boomerangs
Armour
 c - a +1 kite shield (worn)
 r - a +1 pair of boots (worn)
 t - a +1 chain mail (worn)
 u - a +2 helmet (worn)
 B - a +2 pair of gloves (worn)
 R - a scarf of resistance (worn)
 X - the +1 cloak "Wodunne" {rN++ Str+6 Int-4}
   (You found it on level 6 of the Lair of Beasts)

   Str:       It affects your strength (+6).
   Int:       It affects your intelligence (-4).
   rN:        It greatly protects you from negative energy.
Jewellery
 e - a +6 ring of dexterity (right hand)
 f - an amulet of harm
 g - a ring of ice
 h - an amulet of the acrobat (around neck)
 k - an amulet of guardian spirit
 o - a ring of positive energy
 F - a ring of protection from cold
 G - a ring of willpower
 H - a ring of positive energy
 O - a ring of protection from fire
 S - the ring of Feprob (left hand) {Fly rElec rPois}
   (You found it on level 9 of the Dungeon)

   [ring of obsoleteness]

   rElec:     It insulates you from electricity.
   rPois:     It protects you from poison.
   Fly:       It grants you flight.
 T - a +6 ring of evasion
Wands
 z - a wand of acid (8)
 A - a wand of polymorph (4)
 N - a wand of charming (20)
 U - a wand of mindburst (18)
Scrolls
 p - 8 scrolls of teleportation
 w - a scroll of fog {unknown}
 y - 3 scrolls of immolation
 E - 3 scrolls of holy word
 J - a scroll of blinking
 Q - a scroll of acquirement {unknown}
 V - a scroll of fear {unknown}
Potions
 d - 8 potions of might
 i - 10 potions of curing
 j - a potion of invisibility
 l - a potion of brilliance
 n - 5 potions of heal wounds
 s - 2 potions of berserk rage
 x - 3 potions of lignification
 C - 8 potions of enlightenment
 D - 2 potions of ambrosia
 I - 2 potions of mutation
 K - a potion of haste
 L - 2 potions of cancellation
 M - 2 potions of attraction
Miscellaneous
 m - a box of beasts


   Skills:
 - Level 15.5 Fighting
 + Level 19.8 Axes
 - Level 3.0 Throwing
 + Level 12.6 Armour
 - Level 10.0 Shields
 - Level 5.0 Invocations
 - Level 5.0 Evocations


You had 13 spell levels left.
You didn't know any spells.
Your spell library contained the following spells:

 Spells                   Type           Power      Damage    Failure   Level
 Animate Skeleton         Necr           0%         N/A       96%         1
 Apportation              Tloc           0%         N/A       96%         1
 Corona                   Hex            0%         N/A       96%         1
 Summon Small Mammal      Summ           0%         N/A       96%         1


Dungeon Overview and Level Annotations

Branches:
Dungeon (11/15)            Temple (1/1) D:5            Lair (6/6) D:8
  Swamp (0/4) Lair:3        Snake (0/4) Lair:4        Slime (0/5) Lair:5
    Orc (1/2) D:9         Ossuary (visited)          Bailey (visited)

Altars:
Ashenzari
Cheibriados
Dithmenos
Elyvilon
Fedhas
Gozag
Hepliaklqana
Kikubaaqudgha
Makhleb
Nemelex Xobeh
Okawaru
Qazlal
Ru
Sif Muna
Trog
Uskayaw
Vehumet
Wu Jian
Xom
Yredelemnul
Zin
The Shining One
Jiyva

Shops:
D:11 *


Innate Abilities, Weirdness & Mutations

You can walk on water.
You are frail. (-10% HP)
You do not regenerate when monsters are visible.
Potions are less effective at restoring your health.


Message History

The orc warrior goes into a battle-frenzy!
A ball of steam appears from out of your range of vision.
The ball of steam hits your orc warrior!
The red devil hits you from afar with a +0 trident.
* * * LOW HITPOINT WARNING * * *
Barbed spikes become lodged in your body.
Your orc hits the orc warrior but does no damage.
Your orc sorcerer hits the ogre with a +0 dagger!
An orc comes into view. It is wielding a +0 mace.
The orc stares at you in amazement and kneels.
It says, "I'm so glad you are here now."
The warg bites your orc knight but does no damage.
You feel very mighty all of a sudden.
The orc warrior no longer looks unusually strong.
The orc sorcerer no longer looks unusually strong.
Your orc no longer looks unusually strong.
Your orc warrior throws a boomerang.
The boomerang closely misses the warg.
The boomerang barely misses the warg.
The boomerang hits the orc warlord but does no damage.
The orc warrior is engulfed in a cloud of scalding steam.
The ogre barely misses your orc.
Your orc knight hits the warg but does no damage.
The orc sorcerer hits you but does no damage.
The orc warrior misses your orc warrior.
You block the warg's attack.
The orc priest hits your orc with a +0 club.
Something hits your orc but does no damage.
Your orc wizard casts a spell at the orc warlord.
The puff of flame hits the orc warlord.
An orc comes into view. It is wielding a +0 whip.
The orc stares at you in amazement and kneels.
It asks, "Are you our saviour?"
The orc sorcerer hits your orc with a +0 dagger.
Your orc dies!
The orc warlord hits your orc warrior with a +2 bardiche of flaming!!!
The orc warlord burns your orc warrior.
Your orc warrior dies!
The orc warlord hits you with a +0 great mace of protection!!
You die...
Beogh appreciates the orc warlord's killing of a heretic priest.

.#.##..
.........
#........
##.§3.....
##.§§o§o...
#..o..§§...
##o4)o.oo...
#oh.)oo.o...
##@oh)o..o#.
#).oOo).....>
##<##Oo......
###o.oo.....
.o#......
....[.....
..oo..[...
......o)...


You could see 2 orc warlords, a two-headed ogre (paralysed), a neqoxec
(summoned), 2 wargs, 2 orc sorcerers, a red devil (summoned), 4 orc warriors, an
ogre (distracted), an orc priest (strong), a friendly orc knight (strong), a
friendly orc sorcerer (strong), 2 friendly orc warriors, a friendly orc priest
(strong), a friendly orc wizard (strong) and 4 friendly orcs.

Vanquished Creatures
  2 two-headed ogres
  A hydra (Lair:6)
  A death yak (Lair:5)
  A wizard (D:11)
  An orc sorcerer (Orc:1)
  An orc knight (Bailey)
  2 elephants
  3 black mambas
  A gargoyle (D:11)
  8 cane toads
  A torpor snail (Lair:4)
  2 centaur skeletons (D:11)
  7 komodo dragons
  2 polar bears (Lair:6)
  3 trolls
  A hornet (D:11)
  A dream sheep (Lair:6)
  A removed hippogriff (Lair:1)
  7 spriggans
  A fire bat (Lair:6)
  A wyvern (Lair:2)
  2 basilisks
  11 yaks
  Menkaure (Ossuary)
  A warg (D:9)
  7 water moccasins
  Duvessa (D:6)
  2 removed porcupines (Lair:1)
  A black bear (Lair:6)
  6 orc warriors
  3 ice beasts
  5 sky beasts
  2 necrophages (D:11)
  4 ogres
  4 phantoms
  6 wolves (Lair:6)
  6 centaurs
  2 boggarts (Lair:6)
  A removed crocodile (D:8)
  Blork the orc (D:5)
  16 bullfrogs
  Dowan (D:6)
  A scorpion (D:8)
  2 water moccasin skeletons
  9 wights
  14 killer bees
  2 howler monkeys
  2 electric eels
  6 crimson imps
  6 ghosts
  A bullfrog zombie (D:9)
  4 hounds
  4 orc priests
  4 jellies
  6 orc wizards
  Crazy Yiuf (D:5)
  2 bullfrog skeletons
  3 iguanas
  3 removed worker ants
  A hound skeleton (D:5)
  4 mummies
  2 howler monkey zombies
  2 removed worker ant zombies
  Robin (D:2)
  18 gnolls
  5 adders
  A hound simulacrum (D:9)
  3 shadow imps
  4 endoplasms
  2 adder zombies (D:5)
  4 adder skeletons
  2 worms
  2 dart slugs (D:1)
  27 orcs
  6 removed leopard geckos
  5 bats
  7 giant cockroaches
  21 goblins
  22 hobgoblins
  13 jackals
  4 quokkas
  9 frilled lizards
  A gnoll skeleton (Ossuary)
  3 gnoll zombies (Ossuary)
  5 goblin skeletons (Ossuary)
  6 goblin zombies
  3 hobgoblin skeletons (Ossuary)
  3 hobgoblin zombies (Ossuary)
  A jackal skeleton (D:6)
  19 kobolds
  3 kobold skeletons (Ossuary)
  7 kobold zombies
  6 orc skeletons (Ossuary)
  3 orc zombies (Ossuary)
  7 rats
  3 rat skeletons (Ossuary)
  4 rat zombies (Ossuary)
  A removed leopard gecko zombie (D:8)
441 creatures vanquished.

Vanquished Creatures (collateral kills)
  Harold (Lair:1)
  2 hydras
  The ghost of Mopept the Impaler, a journeyman MfGl of Okawaru (Lair:2)
  2 catoblepae
  3 death yaks
  8 spriggans
  An orc knight (Orc:1)
  An orc sorcerer (Orc:1)
  12 elephants
  4 cane toads
  7 komodo dragons
  6 hornets
  4 polar bears
  5 dream sheep (Lair:6)
  16 yaks
  2 fire bats (Lair:6)
  2 basilisks
  8 water moccasins
  A removed porcupine (Lair:1)
  3 orc warriors (Orc:1)
  2 ice beasts (D:11)
  2 black bears (Lair:6)
  2 ogres
  A centaur (D:9)
  14 wolves
  2 boggarts (Lair:6)
  A removed crocodile (Lair:2)
  6 bullfrogs
  A wyvern zombie (D:10)
  2 killer bees (D:11)
  13 ghosts
  A jelly (D:11)
  3 hounds
  An orc priest (D:11)
  A removed worker ant (D:11)
  2 adders
  7 orcs
150 creatures vanquished.

Vanquished Creatures (others)
  An orc warlord (Orc:1)
  An orc knight (Lair:6)
  An orc sorcerer (Orc:1)
  An unseen horror (D:11)
  4 orc warriors (Orc:1)
  4 orc wizards
  3 orc priests
  23 orcs
  A quokka (D:5)
  2 goblin skeletons (Ossuary)
  An orc zombie (Ossuary)
  2 rat skeletons (Ossuary)
44 creatures vanquished.

Grand Total: 635 creatures vanquished

Notes
Turn   | Place    | Note
-------+----------+-------------------------------------------
     0 | D:1      | mezmerelda the Hill Orc Fighter began the quest for the
                  | Orb.
     0 | D:1      | Reached XP level 1. HP: 19/19 MP: 1/1
    41 | D:1      | Reached skill level 3 in Axes
   149 | D:1      | Reached XP level 2. HP: 26/26 MP: 2/2
   184 | D:1      | Reached skill level 4 in Axes
   741 | D:1      | Reached XP level 3. HP: 29/31 MP: 3/3
  1104 | D:2      | Noticed Robin
  1175 | D:2      | Reached skill level 5 in Axes
  1235 | D:2      | Found a faded altar of an unknown god.
  1442 | D:3      | Reached skill level 6 in Axes
  1442 | D:3      | Reached XP level 4. HP: 35/39 MP: 4/4
  1732 | D:3      | Found a shattered altar of Ashenzari.
  2135 | D:3      | Reached XP level 5. HP: 43/46 MP: 5/5
  2617 | D:2      | Killed Robin
  3052 | D:4      | Noticed an ogre
  3074 | D:4      | Killed an ogre
  3074 | D:4      | Reached skill level 5 in Fighting
  3074 | D:4      | Reached XP level 6. HP: 56/56 MP: 6/6
  3117 | D:4      | Noticed a fire elemental
  3122 | D:4      | Found a stormy altar of Qazlal.
  3142 | D:4      | Noticed a water elemental
  3185 | D:4      | Reached skill level 5 in Armour
  3278 | D:3      | Reached XP level 7. HP: 53/62 MP: 7/7
  3440 | D:4      | Noticed an air elemental
  3522 | D:4      | Found a glowing golden altar of the Shining One.
  3735 | D:4      | Reached skill level 7 in Axes
  3795 | D:5      | Entered Level 5 of the Dungeon
  3887 | D:5      | Reached skill level 8 in Axes
  3921 | D:5      | Found a sand-covered staircase.
  3932 | D:5      | Reached skill level 9 in Axes
  3932 | D:5      | Reached XP level 8. HP: 70/70 MP: 8/8
  3950 | Ossuary  | Entered an ossuary
  4299 | Ossuary  | Noticed Menkaure
  4324 | Ossuary  | Killed Menkaure
  4324 | Ossuary  | Reached skill level 10 in Axes
  4477 | D:5      | Reached skill level 14 in Axes
  4477 | D:5      | Reached XP level 9. HP: 90/90 MP: 9/9
  4478 | D:5      | Reached XP level 10. HP: 97/97 MP: 10/10
  4516 | D:5      | Noticed Blork the orc
  4528 | D:5      | Killed Blork the orc
  4678 | D:5      | Became a worshipper of Beogh the Brigand
  4951 | D:5      | Found a runed translucent door.
  4952 | D:5      | Noticed Crazy Yiuf
  4959 | D:5      | Killed Crazy Yiuf
  5053 | D:5      | Reached skill level 1 in Evocations
  5263 | D:5      | Found a staircase to the Ecumenical Temple.
  5273 | Temple   | Entered the Ecumenical Temple
  5601 | D:6      | Noticed Dowan
  5603 | D:6      | Noticed Duvessa
  5629 | D:6      | Killed Duvessa
  5630 | D:6      | Killed Dowan
  5711 | D:6      | Found an opulent altar of Gozag.
  6024 | D:6      | Reached * piety under Beogh
  6105 | D:6      | Found an iron altar of Okawaru.
  6203 | D:7      | Found a flagged portal.
  6232 | Bailey   | Entered a bailey
  6346 | Bailey   | Reached ** piety under Beogh
  6533 | Bailey   | Noticed an orc knight
  6585 | Bailey   | Killed an orc knight
  6589 | Bailey   | Reached skill level 1 in Invocations
  6757 | Bailey   | Reached skill level 10 in Shields
  6757 | Bailey   | Reached XP level 11. HP: 107/107 MP: 11/14
  6960 | D:7      | Found a hide-covered altar of Uskayaw.
  6974 | D:7      | Noticed a +0 hand axe
  6975 | D:7      | Noticed a +0 dagger
  7055 | D:7      | Reached XP level 12. HP: 100/115 MP: 15/15
  7342 | D:8      | Noticed a two-headed ogre
  7353 | D:8      | Killed a two-headed ogre
  7619 | D:8      | Found a staircase to the Lair.
  7636 | D:8      | Reached skill level 5 in Invocations
  7654 | D:8      | Reached *** piety under Beogh
  7972 | D:8      | Found a basalt altar of Yredelemnul.
  8028 | D:8      | Found a white marble altar of Elyvilon.
  8306 | D:9      | Got a shimmering bronze ring
  8387 | D:9      | Found a staircase to the Orcish Mines.
  8391 | D:9      | Identified the ring of Feprob {+Fly rElec rPois Stlth-}
                  | (You found it on level 9 of the Dungeon)
  8415 | D:9      | Reached skill level 5 in Evocations
  8439 | Orc:1    | Entered Level 1 of the Orcish Mines
  8440 | Orc:1    | Noticed an orc warlord
  8447 | Orc:1    | Noticed a soul eater
  8449 | Orc:1    | Gained mutation: Potions are less effective at restoring
                  | your health. [a neqoxec]
  8451 | Orc:1    | Gained mutation: You are frail. (-10% HP) [a neqoxec]
  8452 | Orc:1    | Noticed a two-headed ogre
  8457 | Orc:1    | Gained mutation: You do not regenerate when monsters are
                  | visible. [a neqoxec]
  8779 | D:9      | Found a glowing silver altar of Zin.
  8782 | D:9      | Noticed an angel
  8805 | D:9      | Reached **** piety under Beogh
  8808 | D:9      | Found a shimmering altar of Xom.
  8900 | D:9      | Found a hazy altar of Hepliaklqana.
  9059 | D:10     | Entered Level 10 of the Dungeon
  9117 | D:10     | Found a white marble altar of Elyvilon.
  9221 | D:10     | Noticed a two-headed ogre
  9230 | D:10     | Killed a two-headed ogre
  9636 | D:10     | Reached skill level 15 in Fighting
  9788 | D:10     | Upgraded the game from 0.25-a0-736-g23b457f to
                  | 0.25-a0-737-g26c3a87
  9844 | D:11     | Gained Thorok as an ally
 10128 | D:11     | Found Xaeboaj's Assorted Antiques.
 10143 | D:11     | Bought a pair of faintly humming gloves for 285 gold pieces
 10143 | D:11     | Bought a scroll of enchant armour for 225 gold pieces
 10143 | D:11     | Bought a scroll of identify for 60 gold pieces
 10154 | D:11     | Identified the -2 pair of gloves of Nerupikki {rN+ rCorr
                  | Int+4} (You bought it in a shop on level 11 of the Dungeon)
 10175 | D:11     | Reached skill level 10 in Armour
 10177 | D:11     | Upgraded the game from 0.25-a0-737-g26c3a87 to
                  | 0.25-a0-842-g81a31cf
 10554 | D:11     | Reached skill level 1 in Throwing
 10583 | D:11     | Found a shimmering blue altar of Sif Muna.
 10684 | D:11     | Upgraded the game from 0.25-a0-842-g81a31cf to
                  | 0.25-a0-869-g05d4e06
 10897 | Lair:1   | Entered Level 1 of the Lair of Beasts
 11020 | Lair:1   | Reached XP level 13. HP: 113/113 MP: 16/16
 11046 | Lair:1   | Reached ***** piety under Beogh
 11164 | Lair:1   | Reached skill level 15 in Axes
 11405 | Lair:1   | Noticed Harold
 11413 | Lair:1   | Killed Harold
 11902 | Lair:2   | Gained Marbaugh as an ally
 11909 | Lair:2   | Reached skill level 16 in Axes
 11909 | Lair:2   | Upgraded the game from 0.25-a0-869-g05d4e06 to
                  | 0.30-a0-916-g9813417
 12474 | Lair:2   | Found a runed translucent door.
 12479 | Lair:2   | Noticed Mopept's ghost (journeyman MfGl)
 12479 | Lair:2   | Identified the +3 trident "Nionuenu" {venom, Fragile Str+8
                  | Int+3}
 12491 | Lair:2   | Reached skill level 17 in Axes
 12494 | Lair:2   | Killed Mopept's ghost
 12500 | Lair:2   | Upgraded the game from 0.30-a0-916-g9813417 to
                  | 0.31-a0-115-g4708a65
 12972 | Lair:3   | Found a staircase to the Swamp.
 13637 | Lair:4   | Reached skill level 18 in Axes
 13946 | Lair:4   | Found a staircase to the Snake Pit.
 13999 | Lair:4   | Found a stormy altar of Qazlal.
 14241 | Lair:4   | Upgraded the game from 0.31-a0-115-g4708a65 to
                  | 0.31-a0-121-g1e386dd
 14759 | Lair:5   | Found a viscous altar of Jiyva.
 14759 | Lair:5   | Found a staircase to the Slime Pits.
 14991 | Lair:5   | Reached ****** piety under Beogh
 15321 | Lair:6   | Entered Level 6 of the Lair of Beasts
 15425 | Lair:6   | Reached XP level 14. HP: 121/121 MP: 17/17
 15440 | Lair:6   | Your ally Thorok died
 15578 | Lair:6   | Identified the +1 cloak "Wodunne" {rN++ Str+6 Int-4}
 15622 | Lair:6   | Reached skill level 19 in Axes
 17066 | Orc:1    | Your ally Marbaugh died
 17066 | Orc:1    | Noticed an orc warlord
 17075 | Orc:1    | Mangled by an orc warlord

Illustrated notes

Levels and vault maps discovered:
D:1:      roderic_crop_circles_arrival_small, layout_loops_ring
D:2:      layout_rooms, chequers_ecumenical_altar_simple_redux, uniq_robin
D:3:      layout_basic, roderic_lattice_a, evilmike_ruin_ashenzari
D:4:      layout_cave_pools, tso_oasis_becter, nicolae_qazlal_style_of_elements
D:5:      layout_basic, minmay_temple_entry_proselytizer, first_ration,
          nicolae_ossuary_entry_giza, corexii_hall_statues_deadend,
          guppyfry_early_orc_mine, uniq_blork_the_orc, uniq_crazy_yiuf_cottage
D:6:      layout_rooms, okawaru_altar_gauntlet_db, kennysheep_mini,
          dk_noncrumbling_4, uniq_duvessa
D:7:      layout_basic, dancing_weapons_uskayaw, enter_bailey_3
D:8:      layout_basic, kennysheep_ying_yang, david_lair_generic, the_bakery
D:9:      minmay_cut_squares, layout_basic,
          grunt_temple_overflow_order_and_chaos_1, old_standard_altar
D:10:     layout_gridville, elyvilon_altar_3
D:11:     layout_cave_pools, serial_shops, shop, serial_bayou_pond_d,
          minmay_misc_feat_plants, lemuel_altar_in_water
Temple:   minmay_temple_bridge_abc
Lair:1:   layout_chaotic_city, minivault_11, nicolae_quartered_pool_super,
          infiniplex_staircase_pool, grunt_megastairs_2, uniq_harold
Lair:2:   layout_loops_ring, ebering_ghost_funeral_grove, serial_bayou_pond_c,
          beast_lair_carwin_9, lemuel_fruit_fields
Lair:3:   layout_hall_layers, swamp_mist_pool, grunt_megastairs_3
Lair:4:   layout_layer_cave, dummy_snake_entry, basic_altar,
          nicolae_lair_grove_arrangements, minivault_27
Lair:5:   layout_gridlike, slime_altar_1
Lair:6:   minmay_lair_end_enchanted_forest, layout_gridlike
Orc:1:    layout_caves, basic_altar, enter_volcano_2, mines2_david

Skill      XL: |  1  2  3  4  5  6  7  8  9 10 11 12 13 14 |
---------------+-------------------------------------------+-----
Axes           | 3 4 6 9 14 18 19 | 19.8
Fighting       | 5 6 11 13 15 | 15.5
Shields        | 4 8 10 | 10.0
Armour         | 4 5 8 10 11 12 | 12.6
Evocations     | 3 5 |  5.0
Invocations    | 4 5 |  5.0
Throwing       | 2 3 |  3.0

Action                     |  1- 3 |  4- 6 |  7- 9 | 10-12 | 13-15 || total
---------------------------+-------+-------+-------+-------+-------++-------
  Melee: War axe           |   189 |   152 |   204 |   637 |   343 ||  1525
         Dagger            |       |     1 |       |       |       ||     1
         Flail             |       |       |       |       |    12 ||    12
  Throw: Stone             |    22 |       |       |     2 |       ||    24
         Dart              |       |    30 |     6 |    23 |    18 ||    77
         Boomerang         |       |       |    59 |    47 |     1 ||   107
 Invoke: Convert to Beogh  |       |       |       |     1 |       ||     1
         Smiting           |       |       |       |     1 |     1 ||     2
         Recall Orcish Fol |       |       |       |       |     2 ||     2
    Use: Scroll            |       |     1 |     5 |    16 |     9 ||    31
         Potion            |       |       |     2 |     6 |     1 ||     9
   Stab: Distracted        |       |       |       |     4 |     5 ||     9
    Eat: Removed food      |     2 |     3 |     1 |     6 |       ||    12
         Removed food      |       |     1 |     1 |     5 |     1 ||     8
 Armour: Scale mail        |    58 |    10 |       |       |       ||    68
         Chain mail        |       |    59 |    82 |   157 |   127 ||   425
  Dodge: Dodged            |    44 |    37 |    47 |   195 |   115 ||   438
  Block: Kite shield       |    77 |    56 |    79 |   391 |   196 ||   799

Table legend: (Time is in decaauts)
 A = Elapsed time spent in this place.
 B = Non-inter-level travel time spent in this place.
 C = Inter-level travel time spent in this place.
 D = Time resting spent in this place.
 E = Time spent auto-exploring this place.
 F = Levels seen in this place.
 G = Mean time per level.
                   A        B        C        D        E       F      G
               +--------+--------+--------+--------+--------+-----+--------+
         Total |  17071 |  16381 |    690 |   2025 |   9734 |  21 |  812.9 |
       Dungeon |   9707 |   9352 |    355 |   1550 |   4965 |  11 |  882.5 |
        Temple |    194 |    171 |     23 |      0 |    171 |   1 |  194.0 |
          Lair |   6064 |   5753 |    311 |    316 |   4355 |   6 | 1010.7 |
  Orcish Mines |     37 |     37 |      0 |      0 |      0 |   1 |   37.0 |
       Ossuary |    552 |    552 |      0 |     88 |    124 |   1 |  552.0 |
        Bailey |    515 |    515 |      0 |     71 |    119 |   1 |  515.0 |
               +--------+--------+--------+--------+--------+-----+--------+

Top non-repeatable levels by time:
  Lair:6: 1456 daAuts
  Lair:2: 1049 daAuts
  Lair:4: 914 daAuts
  Lair:5: 850 daAuts
  Lair:3: 719 daAuts
  Lair:1: 79 daAuts
     D:8: 23 daAuts
   Orc:1: 18 daAuts
     D:9: 4 daAuts
Note: time per level data comes from an upgraded game and may be incomplete.
